 Dungeon Crawl Stone Soup version 0.24.1-4-ge52af88ad5 (webtiles) character file.

Game seed: 3823097711650736429, levelgen mode: deterministic

681 Peloso the Slasher (level 7, -1/61 HPs)
             Began as a Minotaur Fighter on Apr 12, 2020.
             Slain by a sky beast (5 damage)
             ... on level 5 of the Dungeon.
             The game lasted 00:13:09 (4767 turns).

Peloso the Slasher (Minotaur Fighter)               Turns: 4767, Time: 00:13:10

Health: -1/61      AC:  8    Str: 21    XL:     7   Next: 34%
Magic:  6/6        EV: 11    Int:  5    God:
Gold:   182        SH: 15    Dex: 11    Spells: 6/6 levels left

rFire    x . .     SeeInvis .   a - +0 long sword
rCold    + . .     Gourm    .   c - +0 large shield
rNeg     . . .     Faith    .   b - +0 scale mail
rPois    .         Spirit   .   (helmet restricted)
rElec    .         Reflect  .   q - +0 cloak (curse)
rCorr    .         Harm     .   (no gloves)
MR       .....                  (no boots)
Stlth    ..........             (no amulet)
HPRegen  0.20/turn              l - +4 ring of evasion
MPRegen  0.10/turn              v - ring of ice

@: no status effects
A: retaliatory headbutt, horns 2
a: no special abilities


You were on level 5 of the Dungeon.
You were not hungry.

You visited 1 branch of the dungeon, and saw 5 of its levels.
You also visited: Sewer.

You collected 182 gold pieces.

Inventory:

Hand Weapons
 a - a +0 long sword (weapon)
 u - a +1 rapier of flaming
Armour
 b - a +0 scale mail (worn)
 c - a +0 large shield (worn)
 e - a +0 cloak
 q - a cursed +0 cloak (worn)
Jewellery
 l - a +4 ring of evasion (left hand)
 v - a ring of ice (right hand)
Scrolls
 g - 5 scrolls of identify
 h - 4 scrolls of remove curse {unknown}
 j - a scroll of fear {unknown}
 m - 2 scrolls of teleportation {unknown}
 n - a scroll of magic mapping
 o - 2 scrolls of amnesia {unknown}
 p - a scroll of immolation {unknown}
 w - a scroll of enchant armour {unknown}
Potions
 d - 7 potions of might
 i - a potion of magic {unknown}
 k - a potion of lignification
 r - 4 potions of curing
 s - 2 potions of brilliance {unknown}
 t - a potion of heal wounds {unknown}
Comestibles
 f - 12 rations


   Skills:
 + Level 5.1 Fighting
 + Level 6.0 Long Blades
 + Level 5.4 Armour
 + Level 2.6 Dodging
 + Level 0.7 Stealth
 + Level 5.6 Shields


You had 6 spell levels left.
You didn't know any spells.
Your spell library was empty.

Dungeon Overview and Level Annotations

Branches:
Dungeon (5/15)              Sewer (visited)
 Temple: D:4-7

Altars:
Ashenzari
Qazlal
Xom


Innate Abilities, Weirdness & Mutations

You reflexively headbutt those who attack you in melee.
You have a pair of horns on your head.


Message History

You block the shadow imp's attack.
Unknown command.
You feel better. You block the orc wizard's attack.
Something hits you but does no damage.
The shadow imp hits you but does no damage.
You closely miss something. Your headbutt misses something.
The orc wizard closely misses you. Something hits you but does no damage.
The shadow imp closely misses you.
The orc wizard hits you but does no damage.
Unknown command.
You hit something. Something hits you.
* * * LOW HITPOINT WARNING * * *
Something shocks you.
* * * LOW HITPOINT WARNING * * *
You block the shadow imp's attack.
The orc wizard hits you but does no damage.
Something hits you.
* * * LOW HITPOINT WARNING * * *
Something shocks you.
You die...

............#
......#.##..#.. .. ..#
........##..### #.# ..
..##........# .!##.#
..#########.### ##.#.. ..
#....... ..... .#
#.##.##. #..###.###
##.##.##.
##..5@o...#...........
#.##..#{##.#.#.###.#.###.
......)))..........#.###.
#..####...#..#. #........
#(##.#.#.##.##.####
#......#.......# #
#......#####...# #
#......#####.#.## #
##..............#


You could see an orc wizard and a shadow imp.

Vanquished Creatures
  An ice beast (D:5)
  2 centaurs (D:5)
  2 big kobolds (Sewer)
  A hound (D:5)
  A worker ant (D:4)
  5 adders
  6 river rats
  An ooze (D:3)
  3 worms
  5 dart slugs
  3 leopard geckos
  3 orcs
  5 giant cockroaches
  10 goblins
  6 hobgoblins
  6 jackals
  9 ball pythons
  5 bats
  6 frilled lizards
  25 kobolds
  34 rats
139 creatures vanquished.

Vanquished Creatures (others)
  A goblin (D:4)
1 creature vanquished.

Grand Total: 140 creatures vanquished

Notes
Turn   | Place    | Note
-------+----------+-------------------------------------------
     0 | D:1      | Peloso the Minotaur Fighter began the quest for the Orb.
     0 | D:1      | Reached XP level 1. HP: 19/19 MP: 0/0
     6 | D:1      | Noticed a worker ant
     6 | D:1      | Noticed a black mamba
     6 | D:1      | Noticed a hound
     7 | D:1      | Noticed an iguana
     7 | D:1      | Noticed a six-headed hydra
    88 | D:1      | Reached XP level 2. HP: 10/27 MP: 1/1
   295 | D:1      | Found a shattered altar of Ashenzari.
   415 | D:1      | Reached XP level 3. HP: 27/33 MP: 2/2
   586 | D:1      | Reached skill level 3 in Long Blades
  1082 | D:2      | Reached skill level 1 in Dodging
  1426 | D:3      | Found a faded altar of an unknown god.
  1551 | D:3      | Reached XP level 4. HP: 40/40 MP: 3/3
  1692 | D:3      | Found a glowing drain.
  1704 | Sewer    | Entered a sewer
  1815 | Sewer    | Reached skill level 4 in Long Blades
  2327 | Sewer    | Reached XP level 5. HP: 15/46 MP: 4/4
  2350 | Sewer    | HP: 3/69 [ball python (1)]
  2818 | Sewer    | Reached skill level 5 in Shields
  2818 | Sewer    | Reached XP level 6. HP: 28/53 MP: 5/5
  4248 | D:4      | Found a shattered altar of Ashenzari.
  4548 | D:5      | Entered Level 5 of the Dungeon
  4694 | D:5      | Found a shimmering altar of Xom.
  4718 | D:5      | Found a stormy altar of Qazlal.
  4719 | D:5      | Noticed an ice beast
  4728 | D:5      | Killed an ice beast
  4728 | D:5      | Reached skill level 5 in Fighting
  4728 | D:5      | Reached skill level 5 in Long Blades
  4728 | D:5      | Reached skill level 5 in Armour
  4747 | D:5      | Noticed a sky beast
  4749 | D:5      | Reached XP level 7. HP: 46/61 MP: 6/6
  4760 | D:5      | Reached skill level 6 in Long Blades
  4767 | D:5      | Slain by a sky beast

Levels and vault maps discovered:
D:1:      onia_arrival_zoo_common, layout_basic, evilmike_ruin_ashenzari
D:2:      layout_rooms
D:3:      layout_loops_ring, portal_sewer_entry_c,
          chequers_ecumenical_altar_simple, minmay_door_square
D:4:      layout_loops_ring, overflow_temple_1_default, first_ration,
          minmay_goblin_outpost
D:5:      layout_loops_cross, kennysheep_mini_moat,
          nicolae_qazlal_general_emergency, minmay_manual_mares

Skill      XL: |  1  2  3  4  5  6  7 |
---------------+----------------------+-----
Armour         | 4 5 |  5.4
Long Blades    | 3 4 5 6 |  6.0
Dodging        | 1 2 |  2.6
Shields        | 4 5 |  5.6
Fighting       | 4 5 |  5.1
Stealth        | |  0.7

Action                   |  1- 3 |  4- 6 |  7- 9 || total
-------------------------+-------+-------+-------++-------
Melee: Long sword        |   103 |   197 |    14 ||   314
       Headbutt          |    23 |    31 |     3 ||    57
  Use: Scroll            |     2 |       |       ||     2
       Potion            |       |     5 |     1 ||     6
  Eat: Chunk             |     2 |     4 |       ||     6
       Ration            |       |     2 |       ||     2
Armor: Scale mail        |    74 |   107 |    14 ||   195
       Skin              |       |    91 |       ||    91
Dodge: Dodged            |    34 |   102 |     6 ||   142
Block: Shield            |    63 |   172 |       ||   235
       Large shield      |       |    45 |    16 ||    61
       Rpst.: Long sword |    10 |    28 |     2 ||    40
